 Dungeon Crawl Stone Soup version 0.30.0-19-g36f170ea60 (webtiles) character file.

Game seed: 8934597688529292674

55 GimliDwarf the Ruffian (level 3, 0/28 HPs)
             Began as a Draconian Transmuter on June 1, 2023.
             Slain by a goblin
             ... wielding a +0 dagger
             ... led by Robin
              (2 damage)
             ... on level 2 of the Dungeon.
             The game lasted 00:02:58 (1318 turns).

GimliDwarf the Ruffian (Draconian Transmuter)       Turns: 1318, Time: 00:02:58

Health: 0/28       AC:  5    Str: 14    XL:     3   Next: 67%
Magic:  5/7        EV: 12    Int: 13    God:
Gold:   38         SH:  0    Dex: 11    Spells: 4/7 levels left

rFire   . .          .
                       - Unarmed
rCold   . . .        (no shield)
rNeg    . . .        (body armour unavailable)
rPois   .            (helmet currently unavailable)
rElec   .            (no cloak)
rCorr   .            (no gloves)
SInv    .            (boots currently unavailable)
Will    .....        (no amulet)
Stlth   +            (no ring)
HPRegen 0.24/turn    (no ring)
MPRegen 0.10/turn

%: no passive effects
@: lethally poisoned (0 -> -14), appendages, wereblooded
A: horns 2, talons 2, AC +5, unfitting armour, cold-blooded
a: End Transformation


You were on level 2 of the Dungeon.
You had temporarily grown beastly horns and talons.
You visited 1 branch of the dungeon, and saw 2 of its levels.

You collected 38 gold pieces.

Inventory:

Scrolls
 b - 2 scrolls of teleportation {unknown}
 d - a scroll of fog {unknown}
 e - a scroll of poison {unknown}
 f - a scroll of fear {unknown}
Potions
 a - 2 potions of lignification
 c - 4 potions of haste {unknown}
 g - 2 potions of ambrosia {unknown}
 h - a potion of heal wounds {unknown}
 i - a potion of mutation {unknown}
 j - a potion of degeneration {unknown}


   Skills:
 + Level 1.1 Fighting
 + Level 1.9 Dodging
 + Level 0.3 Stealth
 + Level 3.6 Unarmed Combat
 + Level 2.7 Spellcasting
 + Level 2.4 Transmutations


You had 4 spell levels left.
You knew the following spells:

 Your Spells              Type           Power      Damage    Failure   Level
a - Beastly Appendage     Tmut           16%        N/A       9%          1
b - Wereblood             Tmut           8%         N/A       13%         2

Your spell library contained the following spells:

 Spells                   Type           Power      Damage    Failure   Level
 Spider Form              Tmut/Pois      4%         N/A       41%         3
 Ice Form                 Ice/Tmut       4%         N/A       82%         4


Dungeon Overview and Level Annotations

Branches:
Dungeon (2/15)

Altars:

Annotations:
D:2 Robin


Innate Abilities, Weirdness & Mutations

You have temporarily grown beastly horns and talons.
Your plain brown scales are hard. (AC +5)
You cannot fit into any form of body armour.
You are cold-blooded and may be slowed by cold attacks.


Message History

You barely miss the goblin. Your headbutt misses the goblin.
Your tail-slap misses the goblin.
The goblin is severely wounded.
You feel very sick. Robin throws the goblin at you!
The goblin hits you with a +0 dagger. The goblin misses you.
The goblin hits you with a +1 dagger of venom.
You barely miss the goblin. Your kick misses the goblin.
Your headbutt misses the goblin.
The goblin is severely wounded.
You feel sick.
A goblin comes into view. It is wielding a +0 dagger.
The goblin hits you but does no damage. The goblin barely misses you.
A goblin comes into view. It is wielding a +0 club.
The goblin hits you with a +1 dagger of venom.
* * * LOW HITPOINT WARNING * * *
You are lethally poisoned!
The goblin shouts!
You hit the goblin but do no damage. Your kick misses the goblin.
Your headbutt misses the goblin.
The goblin is severely wounded.
* * * LOW HITPOINT WARNING * * *
You feel very sick.
You hear a shout!
Robin roars a battlecry!
The goblin goes into a battle-frenzy!
The goblin hits you but does no damage.
A goblin comes into view. It is wielding a +0 club.
The goblin hits you with a +0 club.
* * * LOW HITPOINT WARNING * * *
The goblin closely misses you.
You hit the goblin.
You feel a bit better.
You kill the goblin!
* * * LOW HITPOINT WARNING * * *
You feel very sick. The goblin hits you with a +0 dagger.
* * * LOW HITPOINT WARNING * * *
The goblin closely misses you. The goblin attacks as you move away!
The goblin hits you with a +0 dagger.
You die...

########
##......########
#..............#
#.#.##########.#
#)#.#........#.#
####@#.'........#.##
#..ggg.#........#..#
#....g.#........#..##
#..gg..#........#....
#......#........#.###
#..gg..#........'.# #
#g.....#........#.# #
#......##########.###
g.....................


You could see Robin, 3 hobgoblins and 5 goblins.

Vanquished Creatures
  A gnoll (D:1)
  An adder (D:2)
  7 endoplasms
  7 goblins
  5 hobgoblins
  2 quokkas (D:1)
  2 ball pythons (D:1)
  A bat (D:2)
  2 frilled lizards
  3 kobolds (D:1)
  3 rats (D:1)
34 creatures vanquished.

Notes
Turn   | Place    | Note
-------+----------+-------------------------------------------
     0 | D:1      | GimliDwarf the Draconian Transmuter began the quest for the
                  | Orb.
     0 | D:1      | Reached XP level 1. HP: 16/16 MP: 3/3
   249 | D:1      | Reached XP level 2. HP: 20/23 MP: 3/5
   738 | D:1      | Reached XP level 3. HP: 6/28 MP: 4/6
   892 | D:1      | Learned a level 2 spell: Wereblood
  1308 | D:2      | Noticed Robin
  1318 | D:2      | Slain by a goblin

Illustrated notes

Levels and vault maps discovered:
D:1:      minmay_arrival_four_houses, layout_basic
D:2:      layout_rooms, minivault_25, uniq_robin

Action                     || total
---------------------------++-------
  Melee: Unarmed           ||    82
         Kick              ||    18
         Headbutt          ||     7
         Punch             ||     2
         Tailslap          ||     7
   Cast: Beastly Appendage ||    24
         Wereblood         ||     2
 Armour: Skin              ||    20
  Dodge: Dodged            ||    47
